 Dungeon Crawl Stone Soup version 0.30.0-29-ga12c61a403 (webtiles) character file.

Game seed: 16624460785537464721

420 CaptainMV the Ruffian (level 6, -5/48 HPs)
             Began as a Draconian Wanderer on June 6, 2023.
             Slain by an ogre
             ... wielding a +0 giant club
              (26 damage)
             ... on level 4 of the Dungeon.
             The game lasted 00:25:44 (3175 turns).

CaptainMV the Ruffian (Draconian Wanderer)          Turns: 3175, Time: 00:25:45

Health: -5/48      AC:  8    Str: 14    XL:     6   Next: 62%
Magic:  7/7        EV: 13    Int: 13    God:
Gold:   167        SH:  6    Dex: 22    Spells: 7/7 levels left

rFire   + . .        b - +0 rapier
rCold   . . .        d - +0 buckler
rNeg    . . .        (body armour unavailable)
rPois   .            k - +2 hat
rElec   .            (no cloak)
rCorr   .            (no gloves)
SInv    .            (no boots)
Will    .....        (no amulet)
Stlth   ++           f - +6 ring of dexterity
HPRegen 0.28/turn    (no ring)
MPRegen 0.10/turn

%: no passive effects
@: no status effects
A: AC +6, unfitting armour, cold-blooded, agile 1, clever 1, fire resistance 1,
subdued magic 1
a: no special abilities


You were on level 4 of the Dungeon.
You visited 2 branches of the dungeon, and saw 5 of its levels.
You also visited: Sewer.

You collected 167 gold pieces.

Inventory:

Hand Weapons
 a - a +0 hand axe
 b - a +0 rapier (weapon)
Missiles
 i - 10 boomerangs (quivered)
Armour
 d - a +0 buckler (worn)
 k - a +2 hat (worn)
Jewellery
 f - a +6 ring of dexterity (left hand)
 s - a ring of ice
Wands
 l - a wand of iceblast (5)
 m - a wand of paralysis (9)
Scrolls
 c - a scroll of vulnerability {unknown}
 e - 4 scrolls of teleportation
 n - a scroll of amnesia {unknown}
 o - a scroll of fear
 p - 2 scrolls of identify
 r - a scroll of enchant weapon {unknown}
Potions
 g - 7 potions of curing
 h - 3 potions of ambrosia {unknown}
 j - a potion of berserk rage {unknown}
 q - a potion of degeneration {unknown}
 t - 2 potions of haste


   Skills:
 + Level 2.0 Fighting
 + Level 4.0 Axes
 + Level 1.0 Throwing
 + Level 2.4 Dodging
 + Level 1.9 Stealth
 + Level 3.0 Shields
 + Level 4.7 Unarmed Combat
 + Level 1.0 Spellcasting
 + Level 1.0 Invocations


You had 7 spell levels left.
You didn't know any spells.
Your spell library contained the following spells:

 Spells                   Type           Power      Damage    Failure   Level
 Sandblast                Erth           0%         2d4       32%         1
 Passwall                 Tmut/Erth      0%         N/A       45%         2
 Scorch                   Fire           0%         2d5       45%         2
 Portal Projectile        Hex/Tloc       0%         N/A       69%         3
 Stone Arrow              Conj/Erth      0%         3d7       69%         3
 Tukima's Dance           Hex            0%         N/A       69%         3
 Anguish                  Hex/Necr       0%         N/A       98%         4
 Cause Fear               Hex            0%         N/A       98%         4
 Flame Wave               Conj/Fire      0%         2d4       98%         4
 Blade Hands              Tmut           0%         N/A       100%        5
 Summon Cactus Giant      Summ           0%         N/A       100%        6
 Enfeeble                 Hex            0%         N/A       100%        7


Dungeon Overview and Level Annotations

Branches:
Dungeon (4/15)             Temple (1/1) D:4           Sewer (visited)

Altars:
Ashenzari
Cheibriados
Fedhas
Hepliaklqana
Makhleb
Okawaru
Qazlal
Sif Muna
Uskayaw
Xom
Yredelemnul
Zin

Annotations:
D:3 3 runed translucent doors, raetorn's ghost, amateur SpEn


Innate Abilities, Weirdness & Mutations

Your plain brown scales are hard. (AC +6)
You cannot fit into any form of body armour.
You are cold-blooded and may be slowed by cold attacks.
You are agile. (Dex +4, Str/Int -1)
Your mind is acute. (Int +4, Str/Dex -1)
Your flesh is heat resistant. (rF+)
Your spells are a little easier to cast, but a little less powerful.


Message History

Found 4 gold pieces.
Found a stone staircase leading down.
The ball python hisses angrily.
The ball python closely misses you. x2; You block the ball python's attack.
The ball python misses you.
You hit the ball python.
You kill the ball python!
You pick up a book of Scorching and begin reading...
You add the spells Scorch, Flame Wave and Summon Cactus Giant to your library.
A giant cockroach comes into view.
You see here 4 gold pieces.
You now have 167 gold pieces (gained 4).
The giant cockroach barely misses you. x2
You hit the giant cockroach but do no damage.
The giant cockroach closely misses you.
You hit the giant cockroach.
Your tail-slap misses the giant cockroach.
The giant cockroach is severely wounded.
The giant cockroach barely misses you.
The giant cockroach bites you but does no damage.
You hit the giant cockroach but do no damage.
The giant cockroach is severely wounded.
You block the giant cockroach's attack.
You hit the giant cockroach.
You kill the giant cockroach!
Found a burning altar of Makhleb.
You open the door.
An ogre comes into view. It is wielding a +0 giant club.
The ogre shouts!
There is an open door here.
The ogre hits you with a +0 giant club!!
Ouch! That really hurt!
You puncture the ogre!
The ogre is moderately wounded.
The ogre barely misses you.
You hit the ogre.
The ogre is moderately wounded.
The ogre hits you with a +0 giant club!!
Ouch! That really hurt!
You die...

# ######## ####
..#......############### #..
.........'.............. #.#
..#......##...########## #.#
..#....@.##...# ..#
...#....O.##...# .##
....#......##...# .###
.....#......##...# ########
...##......##..........###.......
...)'...... ...............>#####
...##......##...............#
#..# ##### ########........# .#.#
###############........#


You could see an ogre.

Vanquished Creatures
  A bullfrog (D:4)
  A scorpion (D:4)
  A howler monkey (D:4)
  An orc priest (D:4)
  5 river rats
  8 adders
  2 worms
  A dart slug (D:2)
  8 orcs
  A bat (D:1)
  9 endoplasms
  7 giant cockroaches
  9 hobgoblins
  2 jackals (D:3)
  9 kobolds
  4 quokkas
  13 ball pythons
  7 frilled lizards
  8 goblins
  18 rats
115 creatures vanquished.

Notes
Turn   | Place    | Note
-------+----------+-------------------------------------------
     0 | D:1      | CaptainMV the Draconian Wanderer began the quest for the
                  | Orb.
     0 | D:1      | CaptainMV set off with the following items: a +0 hand axe,
                  | a potion of haste, a scroll of fear, a +0 buckler, a scroll
                  | of teleportation.
     0 | D:1      | Reached XP level 1. HP: 14/14 MP: 2/2
   164 | D:1      | Reached XP level 2. HP: 8/20 MP: 3/3
   284 | D:1      | Found a faded altar of an unknown god.
   755 | D:1      | Reached XP level 3. HP: 17/26 MP: 4/4
  1177 | D:2      | Gained mutation: You are weak. (Str -2) [potion of
                  | mutation]
  1177 | D:2      | Gained mutation: You are vulnerable to cold. (rC-) [potion
                  | of mutation]
  1177 | D:2      | Gained mutation: You are agile. (Dex +4, Str/Int -1)
                  | [potion of mutation]
  1178 | D:2      | Lost mutation: You are weak. (Str -2) [potion of mutation]
  1178 | D:2      | Lost mutation: You are vulnerable to cold. (rC-) [potion of
                  | mutation]
  1178 | D:2      | Lost mutation: You are agile. (Dex +4, Str/Int -1) [potion
                  | of mutation]
  1178 | D:2      | Gained mutation: You are agile. (Dex +4, Str/Int -1)
                  | [potion of mutation]
  1178 | D:2      | Gained mutation: Your flesh is heat resistant. (rF+)
                  | [potion of mutation]
  1178 | D:2      | Gained mutation: Your spells are a little easier to cast,
                  | but a little less powerful. [potion of mutation]
  1178 | D:2      | Gained mutation: Your mind is acute. (Int +4, Str/Dex -1)
                  | [potion of mutation]
  1195 | D:2      | Reached skill level 1 in Dodging
  1198 | D:2      | Reached skill level 1 in Fighting
  1198 | D:2      | Reached XP level 4. HP: 29/35 MP: 5/5
  1215 | D:2      | Found a shimmering altar of Xom.
  1473 | D:3      | Found a runed translucent gate.
  1473 | D:3      | Found a runed translucent gate.
  1473 | D:3      | Found a runed translucent gate.
  1473 | D:3      | Noticed a kobold brigand
  1476 | D:3      | Noticed raetorn's ghost (amateur SpEn)
  1582 | D:3      | Reached skill level 1 in Stealth
  1614 | D:3      | HP: 1/35 [river rat (7)]
  1617 | D:3      | Found a glowing drain.
  1624 | Sewer    | Entered a sewer
  1844 | Sewer    | Reached XP level 5. HP: 35/40 MP: 6/6
  2237 | D:3      | Found a stormy altar of Qazlal.
  2281 | D:3      | Found a shimmering blue altar of Sif Muna.
  2501 | D:4      | Reached XP level 6. HP: 27/48 MP: 7/7
  2696 | D:4      | Found a staircase to the Ecumenical Temple.
  2703 | Temple   | Entered the Ecumenical Temple
  2978 | D:4      | Found a snail-covered altar of Cheibriados.
  3012 | D:4      | Found a hide-covered altar of Uskayaw.
  3121 | D:4      | Found a burning altar of Makhleb.
  3175 | D:4      | Slain by an ogre

Illustrated notes

Levels and vault maps discovered:
D:1:      lightli_molten_gateway, layout_basic,
          shapermc_ecumenical_altar_mp_vishouse, serial_bayou,
          serial_bayou_lagoon_a, serial_bayou_shore_a, serial_bayou_pond_d,
          serial_bayou_crossing, minmay_split_cup_large
D:2:      layout_rooms, basic_altar
D:3:      layout_rooms, nicolae_sif_muna_condensation,
          nicolae_qazlal_eye_of_the_storm, gammafunk_ghost_nasty_kobolds,
          gup_sewer_entry_bubbles, hangedman_decor_growths
D:4:      layout_basic, nicolae_uskayaw_suspiria, lemuel_tele_altar,
          lemuel_round_altar, minmay_temple_entry_statues_fountains,
          nicolae_titane
Temple:   nicolae_temple_superstar

Skill      XL: |  1  2  3  4  5  6 |
---------------+-------------------+-----
Dodging        | 1 2 |  2.4
Fighting       | 1 2 |  2.0
Axes           | 2 3 4 |  4.0
Stealth        | 1 |  1.9
Shields        | 3 |  3.0
Throwing       | |  1.0
Unarmed Combat | |  4.7
Spellcasting   | |  1.0
Invocations    | |  1.0

Action                     |  1- 3 |  4- 6 || total
---------------------------+-------+-------++-------
  Melee: Hand axe          |   162 |   314 ||   476
         Tailslap          |    17 |    57 ||    74
         Rapier            |       |     7 ||     7
  Throw: Boomerang         |       |     1 ||     1
    Use: Scroll            |     5 |     1 ||     6
         Potion            |     2 |     2 ||     4
   Stab: Sleeping          |     2 |     8 ||    10
 Armour: Skin              |    42 |    81 ||   123
  Dodge: Dodged            |    85 |   167 ||   252
  Block: Buckler           |    23 |    87 ||   110
